 Dungeon Crawl Stone Soup version 0.29-a0-364-g921d912d32 (webtiles) character file.

Game seed: 7166156541802804575

79 holysushi the Sneak (level 4, -3/26 HPs)
             Began as a Kobold Enchanter on Apr 30, 2022.
             Slain by a gnoll
             ... wielding a +0 spear
              (4 damage)
             ... on level 3 of the Dungeon.
             The game lasted 00:08:13 (2808 turns).

holysushi the Sneak (Kobold Enchanter)              Turns: 2808, Time: 00:08:14

Health: -3/26      AC:  3    Str:  5    XL:     4   Next: 64%
Magic:  0/7        EV: 15    Int: 16    God:
Gold:   188        SH:  0    Dex: 17    Spells: 5/7 levels left

rFire   + . .      SeeInvis +   a - +2 dagger
rCold   . . .      Faith    .   (no shield)
rNeg    . . .      Spirit   +   b - +0 robe
rPois   .          Reflect  .   k - +0 helmet
rElec   .          Harm     .   (no cloak)
rCorr   .          Rampage  .   (no gloves)
Will    .....                   (no boots)
Stlth   ++++......              e - amulet of guardian spirit
HPRegen 0.08/turn               h - ring of see invisible
MPRegen 0.10/turn               s - ring of protection from fire

@: no status effects
A: small, no large weapons, nightstalker 3
a: no special abilities


You were on level 3 of the Dungeon.
You visited 1 branch of the dungeon, and saw 3 of its levels.

You collected 188 gold pieces.

Inventory:

Hand Weapons
 a - a +2 dagger (weapon)
 m - the +7 hunting sling "Sielenitza" {venom, rN+}
   (You found it on level 2 of the Dungeon)

   Any ammunition fired from it poisons the flesh of those it strikes.
   rN:        It protects you from negative energy.
Armour
 b - a +0 robe (worn)
 k - a +0 helmet (worn)
Jewellery
 e - an amulet of guardian spirit (around neck)
 h - a ring of see invisible (left hand)
 s - a ring of protection from fire (right hand)
Scrolls
 g - 3 scrolls of teleportation {unknown}
 j - a scroll of immolation
 n - a scroll of enchant armour {unknown}
 q - 2 scrolls of fog {unknown}
 t - a scroll of blinking {unknown}
Potions
 c - 2 potions of invisibility
 d - a potion of flight
 f - a potion of resistance {unknown}
 i - 3 potions of magic {unknown}
 l - 3 potions of heal wounds {unknown}
 o - a potion of curing {unknown}
 p - 2 potions of degeneration {unknown}
 r - a potion of attraction {unknown}


   Skills:
 + Level 1.7 Fighting
 * Level 3.9 Short Blades
 + Level 3.3 Dodging
 - Level 4.0 Stealth
 - Level 2.2 Spellcasting
 - Level 3.0 Hexes


You had 5 spell levels left.
You knew the following spells:

 Your Spells              Type           Power      Damage    Failure   Level
a - Ensorcelled Hibernat  Hex/Ice        12%        N/A       17%         2

Your spell library contained the following spells:

 Spells                   Type           Power      Damage    Failure   Level
 Confusing Touch          Hex            11%        N/A       17%         3
 Tukima's Dance           Hex            11%        N/A       17%         3
 Blink                    Tloc           2%         N/A       30%         2
 Dazzling Flash           Conj/Hex       12%        N/A       32%         3
 Gell's Gravitas          Tloc           1%         N/A       52%         3
 Lesser Beckoning         Tloc           1%         N/A       52%         3
 Teleport Other           Tloc           1%         N/A       52%         3
 Manifold Assault         Tloc           1%         N/A       99%         5
 Storm Form               Tmut/Air       0%         N/A       100%        7


Dungeon Overview and Level Annotations

Branches:
Dungeon (3/15)

Altars:
The Shining One

Annotations:
D:1 exclusion: downstairs
D:2 exclusion: downstairs


Innate Abilities, Weirdness & Mutations

You are small and have problems with some larger weapons.
You are completely attuned to the shadows.


Message History

The orc barely misses you.
You hit the orc.
The orc is heavily wounded.
The orc barely misses you.
Your magical contamination has completely faded away.
You hit the orc.
You kill the orc!
You start resting.
HP restored.
You see here a +0 hand axe.
Things that are here:
a +0 trident; an orc corpse A gnoll is nearby!
Casting: Ensorcelled Hibernation (safe; 17% risk of failure)
Confirm with . or Enter, or press ? or * to list all spells.
Aiming: Ensorcelled Hibernation (safe; 17% risk of failure)
Press: ? - help, Shift-Dir - straight line, f - gnoll
Aim: a gnoll, wielding a +0 halberd (wandering, hasn't noticed you, chance to affect: 49%)
Okay, then.
The gnoll shouts!
You hear a shout!
Casting: Ensorcelled Hibernation (safe; 17% risk of failure)
Confirm with . or Enter, or press ? or * to list all spells.
Aiming: Ensorcelled Hibernation (safe; 17% risk of failure)
Press: ? - help, Shift-Dir - straight line, f - gnoll
Aim: a gnoll, wielding a +0 halberd (chance to affect: 49%)
The gnoll looks drowsy...
A gnoll comes into view. It is wielding a +0 spear.
A gnoll comes into view. It is wielding a +0 whip.
The gnoll shouts! x2
The gnoll hits you with a +0 halberd! The gnoll attacks as you move away!
The gnoll misses you. The gnoll closely misses you. x2
The gnoll misses you.
The gnoll hits you from afar with a +0 halberd!
Ouch! That really hurt!
* * * LOW HITPOINT WARNING * * *
The gnoll hits you with a +0 spear.
* * * LOW HITPOINT WARNING * * *
The gnoll attacks as you move away! The gnoll hits you with a +0 spear.
You die...

#### # ## ....... #.
#.....# ## #.....# #
#.....# # #.gg..# #
#..@..# #
###.....##############
.....g.....)..........
####.#################
#.# #)# ####.#####
#......o.#####.
#..........g...


You could see 3 gnolls.

Vanquished Creatures
  A gnoll (D:3)
  An adder (D:2)
  A worm (D:2)
  2 dart slugs
  3 orcs (D:3)
  4 endoplasms
  2 giant cockroaches
  4 goblins
  3 hobgoblins
  2 quokkas
  9 ball pythons
  3 bats
  5 frilled lizards
  5 kobolds
  4 rats
49 creatures vanquished.

Vanquished Creatures (others)
  2 plants (D:1)
2 creatures vanquished.

Grand Total: 51 creatures vanquished

Notes
Turn   | Place    | Note
-------+----------+-------------------------------------------
     0 | D:1      | holysushi the Kobold Enchanter began the quest for the Orb.
     0 | D:1      | Reached XP level 1. HP: 10/10 MP: 3/3
   158 | D:1      | Reached XP level 2. HP: 16/16 MP: 5/5
   266 | D:1      | Found a faded altar of an unknown god.
  1317 | D:2      | Reached skill level 1 in Fighting
  1317 | D:2      | Reached XP level 3. HP: 18/20 MP: 6/6
  1649 | D:2      | Identified the +7 hunting sling "Sielenitza" {venom, rN+}
  1657 | D:2      | Reached XP level 4. HP: 25/25 MP: 7/7
  1697 | D:2      | Found a glowing golden altar of the Shining One.
  2393 | D:3      | Learned a level 2 spell: Ensorcelled Hibernation
  2807 | D:3      | HP: 1/26 [gnoll/+0 spear (2)]
  2808 | D:3      | Slain by a gnoll

Illustrated notes

Levels and vault maps discovered:
D:1:      kennysheep_arrival_seaside, layout_rooms,
          shapermc_ecumenical_altar_venn, kennysheep_decorative_pillar
D:2:      layout_rooms, basic_altar
D:3:      layout_basic, nicolae_concentric_dashed_squares_wild

Skill      XL: |  1  2  3 |
---------------+----------+-----
Short Blades   | 2 3 |  3.9
Fighting       | 1 |  1.7
Dodging        | 3 |  3.3
Stealth        | |  4.0
Spellcasting   | |  2.2
Hexes          | |  3.0

Action                   |  1- 3 |  4- 6 || total
-------------------------+-------+-------++-------
Melee: Dagger            |    81 |    52 ||   133
       Punch             |     1 |       ||     1
 Cast: Ensorcelled Hiber |       |     3 ||     3
  Use: Scroll            |     4 |       ||     4
 Stab: Sleeping          |    16 |     7 ||    23
       Distracted        |     1 |       ||     1
Armor: Robe              |    16 |     4 ||    20
Dodge: Dodged            |    47 |    40 ||    87

Table legend: (Time is in decaauts)
 A = Elapsed time spent in this place.
 B = Non-inter-level travel time spent in this place.
 C = Inter-level travel time spent in this place.
 D = Time resting spent in this place.
 E = Time spent auto-exploring this place.
 F = Levels seen in this place.
 G = Mean time per level.
                   A        B        C        D        E       F      G
               +--------+--------+--------+--------+--------+-----+--------+
         Total |   2800 |   2616 |    184 |    521 |   1192 |   3 |  933.3 |
       Dungeon |   2800 |   2616 |    184 |    521 |   1192 |   3 |  933.3 |
               +--------+--------+--------+--------+--------+-----+--------+

Top non-repeatable levels by time:
     D:1: 1193 daAuts
     D:2: 872 daAuts
     D:3: 734 daAuts
